 Dungeon Crawl Stone Soup version 0.29-a0-275-g389c0b56f3 (webtiles) character file.

Game seed: 12652880717945714957

4 BlueGoblin the Ducker (level 1, 0/11 HPs)
             Began as a Spriggan Monk on Mar 9, 2022.
             Slain by a goblin
             ... wielding a +0 dagger
              (2 damage)
             ... on level 1 of the Dungeon.
             The game lasted 00:00:29 (99 turns).

BlueGoblin the Ducker (Spriggan Monk)                 Turns: 99, Time: 00:00:30

Health: 0/11       AC:  2    Str:  7    XL:     1   Next: 50%
Magic:  2/2        EV: 19    Int: 11    God:
Gold:   9          SH:  0    Dex: 17    Spells: 0/0 levels left

rFire   . . .      SeeInvis +   a - +0 short sword
rCold   . . .      Faith    .   (no shield)
rNeg    . . .      Spirit   .   b - +0 robe
rPois   .          Reflect  .   (helmet restricted)
rElec   .          Harm     .   (no cloak)
rCorr   .          Rampage  .   (gloves unavailable)
Will    .....                   (boots unavailable)
Stlth   ++........              (no amulet)
HPRegen 0.03/turn               (no ring)
MPRegen 0.08/turn               (no ring)

@: very quick
A: very small, no large weapons, unfitting armour, see invisible, speed 3
a: no special abilities


You were on level 1 of the Dungeon.
You visited 1 branch of the dungeon, and saw 1 of its levels.

You collected 9 gold pieces.

Inventory:

Hand Weapons
 a - a +0 short sword (weapon)
Armour
 b - a +0 robe (worn)
Potions
 c - a potion of ambrosia


   Skills:
 - Level 2.4 Fighting
 - Level 3.2 Short Blades
 + Level 4.4 Dodging
 - Level 3.0 Stealth


You couldn't memorise any spells.
You didn't know any spells.
Your spell library contained the following spells:

 Spells                   Type           Power      Damage    Failure   Level
 Sublimation of Blood     Necr           0%         N/A       47%         2
 Petrify                  Tmut/Erth      0%         N/A       98%         4
 Irradiate                Conj/Tmut      0%         3d13      100%        5


Dungeon Overview and Level Annotations

Branches:
Dungeon (1/15)

Altars:


Innate Abilities, Weirdness & Mutations

You are very small and have problems with some larger weapons.
You are too small for most types of armour.
You have supernaturally acute eyesight. (SInv)
You cover ground extremely quickly. (Speed+++)


Message History

The giant cockroach barely misses you.
You hit the giant cockroach but do no damage.
The giant cockroach bites you but does no damage.
The goblin hits you with a +0 dagger.
You barely miss the giant cockroach. The giant cockroach misses you.
You hit the giant cockroach.
You kill the giant cockroach!
The goblin hits you with a +0 dagger.
You barely miss the quokka. The goblin barely misses you.
The quokka misses you.
You miss the quokka. The goblin misses you. The quokka barely misses you.
You barely miss the quokka. The goblin hits you with a +0 dagger.
The quokka closely misses you.
You are too injured to fight recklessly!
You are too injured to fight recklessly!
You are too injured to fight recklessly!
You are too injured to fight recklessly!
You hit the goblin.
The goblin is moderately wounded.
The goblin barely misses you. The quokka barely misses you.
You closely miss the goblin.
The goblin is moderately wounded.
The quokka bites you. The goblin hits you with a +0 dagger.
* * * LOW HITPOINT WARNING * * *
Things that are here:
a +0 club; a goblin corpse You see here a +0 hunting sling.
A hobgoblin comes into view.
Found 27 stones.
A dart slug and a rat come into view.
You start resting.
A goblin is nearby!
You closely miss the goblin.
The goblin is moderately wounded.
The goblin closely misses you.
You hit the goblin but do no damage. The goblin closely misses you.
The dart slug launches a dart at you. The slug dart misses you.
The goblin hits you with a +0 dagger.
You die...

...∩♣♣.# #.r....#
♣..∩♣♣.## #......#
..∩♣♣...# #......#
∩.♣♣♣.>.####.....#
♣♣.♣......).....##
♣.....#######..#
...##### ##.# ####
#.## ##.@####
##..g...##
##........##
#..........#
#...w......#
#..........#
#..........#
#.r..g.....#
...........##


You could see a dart slug, a hobgoblin, a goblin and a rat.

Vanquished Creatures
  A bat (D:1)
  A giant cockroach (D:1)
  A goblin (D:1)
3 creatures vanquished.

Notes
Turn   | Place    | Note
-------+----------+-------------------------------------------
     0 | D:1      | BlueGoblin the Spriggan Monk began the quest for the Orb.
     0 | D:1      | Reached XP level 1. HP: 11/11 MP: 2/2
    99 | D:1      | Slain by a goblin

Illustrated notes

Levels and vault maps discovered:
D:1:      heliophobic_arrival_henge, layout_rooms

Action                   || total
-------------------------++-------
Melee: Short sword       ||    14
 Stab: Sleeping          ||     1
Armor: Robe              ||     2
Dodge: Dodged            ||    15

Table legend: (Time is in decaauts)
 A = Elapsed time spent in this place.
 B = Non-inter-level travel time spent in this place.
 C = Inter-level travel time spent in this place.
 D = Time resting spent in this place.
 E = Time spent auto-exploring this place.
 F = Levels seen in this place.
 G = Mean time per level.
                   A        B        C        D        E       F      G
               +--------+--------+--------+--------+--------+-----+--------+
         Total |     65 |     65 |      0 |      1 |     13 |   1 |   65.0 |
       Dungeon |     65 |     65 |      0 |      1 |     13 |   1 |   65.0 |
               +--------+--------+--------+--------+--------+-----+--------+

Top non-repeatable levels by time:
     D:1: 65 daAuts
